 Dungeon Sprint DCSS version 0.26-a0-720-g2a1d101370 (webtiles) character file.

Game seed: 3755491171554221594

106 mhtbhm the Shield-Bearer (level 4, -1/45 HPs)
             Began as a Minotaur Fighter on Nov 2, 2020.
             Was an Initiate of Okawaru.
             Slain by a two-headed ogre
             ... wielding a +0 giant spiked club
              (8 damage)
             ... in the Dungeon (Sprint IX: "|||||||||||||||||||||||||||||").
             The game lasted 00:00:49 (291 turns).

mhtbhm the Shield-Bearer (Minotaur Fighter)          Turns: 291, Time: 00:00:50

Health: -1/45      AC: 16    Str: 24    XL:     4   Next: 55%
Magic:  3/3        EV:  5    Int:  5    God:    Okawaru [......]
Gold:   0          SH: 11    Dex: 10    Spells: 3/3 levels left

rFire    . . .     SeeInvis +   a - +2 scimitar of Income {speed, SInv}
rCold    . . .     Faith    .   c - +0 kite shield
rNeg     . . .     Spirit   .   b - +0 plate armour
rPois    .         Reflect  .   (helmet restricted)
rElec    .         Harm     .   (no cloak)
rCorr    .         Rampage  .   p - +0 pair of gloves
MR       .....     NoTele   +   (no boots)
Stlth    ..........             (no amulet)
HPRegen  0.15/turn              n - +3 ring of strength
MPRegen  0.08/turn              o - +2 ring of protection

@: very slightly contaminated, invisible
A: retaliatory headbutt, horns 2
a: Renounce Religion


You were in the Dungeon.
You worshipped Okawaru.
Okawaru was noncommittal.
You visited 1 branch

Inventory:

Hand Weapons
 a - the +2 scimitar of Income (weapon) {speed, SInv}
   (You found it in the Dungeon)

   Attacks with this weapon are significantly faster.
   It lets you see invisible.
Armour
 b - a +0 plate armour (worn)
 c - a +0 kite shield (worn)
 p - a +0 pair of gloves (worn)
Jewellery
 n - a +3 ring of strength (left hand)
 o - a +2 ring of protection (right hand)
Wands
 m - a wand of iceblast (10)
Scrolls
 j - 2 scrolls of blinking
 k - 3 scrolls of remove curse
 l - 2 scrolls of amnesia
Potions
 d - a potion of might
 e - 5 potions of curing
 f - 2 potions of heal wounds
 g - a potion of haste
 h - 4 potions of magic


   Skills:
 + Level 6.8 Fighting
 + Level 4.1 Long Blades
 + Level 6.9 Armour
 + Level 7.2 Shields


You had 3 spell levels left.
You didn't know any spells.
Your spell library was empty.

Dungeon Overview and Level Annotations

Branches:
Dungeon (1/1)

Altars:
Cheibriados
Dithmenos
Elyvilon
Fedhas
Gozag
Hepliaklqana
Kikubaaqudgha
Makhleb
Nemelex Xobeh
Okawaru
Qazlal
Ru
Sif Muna
Trog
Uskayaw
Vehumet
Wu Jian
Xom
Yredelemnul
Zin
The Shining One
Beogh
Jiyva
Lugonu


Innate Abilities, Weirdness & Mutations

You reflexively headbutt those who attack you in melee.
You have a pair of horns on your head.


Message History

You block the two-headed ogre's attack.
Evoke which item? (* to show all) (? for menu, Esc to quit)
Okay, then.
Okay, then.
You fade into invisibility!
The two-headed ogre hits you with a +0 giant spiked club.
The two-headed ogre hits you with a +0 giant club.
You are very lightly contaminated with residual magic.
You slash the two-headed ogre!
The two-headed ogre is moderately wounded.
You hit the two-headed ogre but do no damage.
The two-headed ogre is moderately wounded.
You block the two-headed ogre's attack.
The two-headed ogre hits you with a +0 giant club!!
* * * LOW HITPOINT WARNING * * *
You completely miss the two-headed ogre.
You headbutt the two-headed ogre!
The two-headed ogre is severely wounded.
The two-headed ogre hits you with a +0 giant spiked club!
You die...

▓)▓
▓.▓
▓.▓
▓[▓
▓.▓
▓[▓
▓.▓
▓'▓
▓@▓
▓O▓
▓O▓
▓h▓
▓o▓
▓Z▓
▓+▓


You could see a two-headed ogre, a black bear, an ogre, an orc and a jackal
skeleton.

Vanquished Creatures
  A hound (D)
  A jelly (D)
  A worker ant (D)
  An adder (D)
  A white imp (D)
  A dart slug (D)
  A bat (D)
  A giant cockroach (D)
  A goblin (D)
  2 kobolds (D)
11 creatures vanquished.

Notes
Turn   | Place    | Note
-------+----------+-------------------------------------------
     0 | D        | mhtbhm the Minotaur Fighter began the quest for the Orb.
     0 | D        | Reached XP level 1. HP: 19/19 MP: 0/0
     6 | D        | Reached skill level 4 in Shields
   159 | D        | Noticed a jelly
   159 | D        | Noticed a hound
   159 | D        | Noticed a worker ant
   161 | D        | Killed a jelly
   161 | D        | Reached skill level 5 in Fighting
   161 | D        | Reached skill level 5 in Armour
   161 | D        | Reached skill level 5 in Shields
   161 | D        | Reached XP level 2. HP: 29/29 MP: 1/1
   161 | D        | Reached XP level 3. HP: 36/36 MP: 2/2
   164 | D        | Reached skill level 6 in Shields
   165 | D        | Reached XP level 4. HP: 44/44 MP: 3/3
   169 | D        | Reached skill level 7 in Shields
   182 | D        | Found a roughly hewn altar of Beogh.
   182 | D        | Found a snail-covered altar of Cheibriados.
   182 | D        | Found a shadowy altar of Dithmenos.
   182 | D        | Found a white marble altar of Elyvilon.
   182 | D        | Found a blossoming altar of Fedhas.
   182 | D        | Found an opulent altar of Gozag.
   183 | D        | Found a hazy altar of Hepliaklqana.
   184 | D        | Found a viscous altar of Jiyva.
   185 | D        | Found an ancient bone altar of Kikubaaqudgha.
   186 | D        | Found a corrupted altar of Lugonu.
   187 | D        | Found a burning altar of Makhleb.
   188 | D        | Found a sparkling altar of Nemelex Xobeh.
   189 | D        | Found an iron altar of Okawaru.
   190 | D        | Found a stormy altar of Qazlal.
   191 | D        | Found a sacrificial altar of Ru.
   192 | D        | Found a shimmering blue altar of Sif Muna.
   193 | D        | Found a bloodstained altar of Trog.
   194 | D        | Found a hide-covered altar of Uskayaw.
   195 | D        | Found a radiant altar of Vehumet.
   196 | D        | Found an ornate altar of the Wu Jian Council.
   197 | D        | Found a shimmering altar of Xom.
   201 | D        | Became a worshipper of Warmaster Okawaru
   203 | D        | Found a basalt altar of Yredelemnul.
   204 | D        | Found a glowing silver altar of Zin.
   205 | D        | Found a glowing golden altar of the Shining One.
   233 | D        | Got the +2 scimitar of Income {speed, SInv}
   282 | D        | Noticed an ogre
   282 | D        | Noticed a two-headed ogre
   282 | D        | Noticed a black bear
   291 | D        | Slain by a two-headed ogre

Illustrated notes

Levels and vault maps discovered:
D:        linesprint [early_d, line_temple, items_1, d_10, items_2, lair_1,
          lair_end, items_3, orc_1, orc_end, items_4, d_15, swamp_1, shoals_1,
          snake_1, spider_1, d_20, vaults_1, items_5, swamp_end, shoals_end,
          snake_end, spider_end, vaults_end, d_27, items_6, zot_1, zot_end,
          crypt_end, forest_end, elf_end, slime_end, tomb_end, abyss_end,
          pan_hell_end]

Skill      XL: |  1  2  3  4 |
---------------+-------------+-----
Fighting       | 5 6 |  6.8
Armour         | 5 6 |  6.9
Shields        | 5 6 7 |  7.2
Long Blades    | 3 4 |  4.1

Action                   |  1- 3 |  4- 6 || total
-------------------------+-------+-------++-------
Melee: Long sword        |    15 |     6 ||    21
       Headbutt          |     2 |     3 ||     5
       Scimitar          |       |     5 ||     5
  Use: Potion            |     1 |     2 ||     3
Armor: Scale mail        |     3 |     2 ||     5
       Plate armour      |       |     1 ||     1
Dodge: Dodged            |     2 |     1 ||     3
Block: Kite shield       |     8 |     6 ||    14
       Rpst.: Long sword |     1 |       ||     1
       Scimitar          |       |     1 ||     1

Table legend: (Time is in decaauts)
 A = Elapsed time spent in this place.
 B = Non-inter-level travel time spent in this place.
 C = Inter-level travel time spent in this place.
 D = Time resting spent in this place.
 E = Time spent auto-exploring this place.
 F = Levels seen in this place.
 G = Mean time per level.
                   A        B        C        D        E       F      G
               +--------+--------+--------+--------+--------+-----+--------+
         Total |    301 |    301 |      0 |    139 |      3 |   1 |  301.0 |
       Dungeon |    301 |    301 |      0 |    139 |      3 |   1 |  301.0 |
               +--------+--------+--------+--------+--------+-----+--------+

Top non-repeatable levels by time:
       D: 301 daAuts
